 Dungeon Crawl Stone Soup version 0.19-a0-49-gb8736b8 (webtiles) character file.

1043 M4edhros the Cleaver (level 8, -9/64 HPs)
             Began as a Minotaur Berserker on May 6, 2016.
             Was a Believer of Trog.
             Mangled by a two-headed ogre
             ... wielding a +0 giant spiked club
              (21 damage)
             ... on level 8 of the Dungeon.
             The game lasted 00:05:47 (1170 turns).

M4edhros the Cleaver (Minotaur Berserker)           Turns: 1170, Time: 00:05:48

Health: -9/64      AC:  6    Str: 28    XL:     8   Next: 4%
Magic:  7/7        EV: 10    Int:  4    God:    Trog [**....]
Gold:   102        SH:  0    Dex:  9    Spells: 0 memorised, 7 levels left

rFire  . . .     SeeInvis .     a - +0 hand axe
rCold  + . .     Gourm    .     n - +0 scale mail
rNeg   + . .     Faith    +     (no shield)
rPois  +         Spirit   .     (helmet restricted)
rElec  .         Dismiss  .     (no cloak)
rCorr  .         Reflect  .     (no gloves)
SustAt .         Harm     .     (no boots)
MR     .....                    k - amulet of faith
Stlth  ..........               l - ring of positive energy
                                f - ring of protection from cold

@: mighty, exhausted, flying, slowed, very slow, not resistant to hostile
enchantments, extremely unstealthy
A: retaliatory headbutt, horns 2, clumsy 1, poison resistance, wild magic 1
a: Berserk, Trog's Hand, Burn Spellbooks, Renounce Religion


You were on level 8 of the Dungeon.
You worshipped Trog.
Trog was pleased with you.
You were not hungry.

You visited 2 branches of the dungeon, and saw 9 of its levels.

You collected 102 gold pieces.

Inventory:

Hand Weapons
 a - a +0 hand axe (weapon)
Armour
 b - a +0 animal skin
 d - a +0 ring mail
 n - a +0 scale mail (worn)
Jewellery
 f - a ring of protection from cold (left hand)
 h - an uncursed ring of sustain attributes
 k - an amulet of faith (around neck)
 l - a ring of positive energy (right hand)
Scrolls
 e - a scroll of identify {unknown}
 o - 2 scrolls of noise {unknown}
 q - 4 scrolls of teleportation {unknown}
Potions
 g - a potion of berserk rage
Books
 p - a book of Summonings

   Spells                             Type                      Level
   a - Recall                         Summoning/Translocation      3
   b - Aura of Abjuration             Summoning                    5
   c - Summon Demon                   Summoning                    5
   d - Summon Forest                  Summoning/Translocation      5
   e - Summon Mana Viper              Hexes/Summoning              5
   f - Shadow Creatures               Summoning                    6
   Trog disapproves of the use of such an item.
Comestibles
 i - a meat ration
 j - 2 fruits
 r - 6 chunks of flesh


   Skills:
 - Level 3.6 Fighting
 + Level 11.5 Axes
 - Level 2.4 Armour
 - Level 2.1 Dodging


You had 7 spell levels left.
You didn't know any spells.

Dungeon Overview and Level Annotations

Branches:
Dungeon (8/15)             Temple (1/1) D:4
   Lair: D:8-11

Altars:
Ashenzari
Dithmenos
Fedhas
Okawaru

Shops:
D:4 ?


Innate Abilities, Weirdness & Mutations

You reflexively headbutt those who attack you in melee.
You have a pair of horns on your head.
You are clumsy. (Dex -2)
Your system is resistant to poisons.
Your spells are a little harder to cast, but a little more powerful.


Message History

Things that are here:
an uncursed shortbow; 12 arrows; a centaur skeleton
Items here: )) [ † a short sword; a ring mail; a flail; an orc corpse A two-headed ogre comes into view.
It is wielding two giant spiked clubs.
The two-headed ogre shouts in stereo!
Drink which item? (? for menu, Esc to quit)
Okay, then.
Drink which item? (? for menu, Esc to quit)
It was a potion of flight.
You feel very buoyant.
You fly up into the air.
The two-headed ogre barely misses you. You furiously retaliate!
You headbutt the two-headed ogre. The two-headed ogre closely misses you.
Drink which item? (? for menu, Esc to quit)
It was a potion of might.
You feel very mighty all of a sudden. The two-headed ogre barely misses you.
The two-headed ogre hits you with a giant spiked club!!
You die...

#.. ... #.# #..
#.# .. #.# .#
#..####.###.###
#......))(<...#
#######)#####....#
#.# ... #@######.
. #.O......
#.##..... ..# ....
#..# ... ##.. #.
#.. #.. ....


You could see a two-headed ogre.

Vanquished Creatures
  Eustachio (D:6)
  Edmund (D:6)
  An ice beast (D:6)
  A black bear (D:6)
  A sky beast (D:6)
  An ogre (D:8)
  2 centaurs
  A scorpion (D:8)
  A centaur zombie (D:6)
  A giant frog zombie (D:4)
  3 orc priests
  A worker ant (D:6)
  A worm (D:4)
  2 giant geckos
  6 orcs
  A bat (D:3)
  2 giant cockroaches
  4 goblins
  3 hobgoblins
  3 jackals (D:7)
  2 giant gecko skeletons (D:4)
  A giant newt (D:4)
  3 rats (D:1)
43 creatures vanquished.

Notes
Turn   | Place    | Note
--------------------------------------------------------------
     0 | D:1      | M4edhros the Minotaur Berserker began the quest for the Orb.
     0 | D:1      | Reached XP level 1. HP: 19/19 MP: 0/0
   207 | D:1      | Reached skill level 4 in Axes
   242 | D:1      | Reached XP level 2. HP: 17/26 MP: 1/1
   410 | D:4      | Reached ** piety under Trog
   443 | D:4      | Found Laelorus's Magic Scroll Boutique.
   460 | D:4      | Found a staircase to the Ecumenical Temple.
   466 | Temple   | Entered the Ecumenical Temple
   554 | D:4      | Reached skill level 5 in Axes
   554 | D:4      | Reached XP level 3. HP: 25/31 MP: 2/2
   663 | D:5      | Entered Level 5 of the Dungeon
   675 | D:6      | Noticed an ice beast
   685 | D:6      | Killed an ice beast
   685 | D:6      | Reached skill level 7 in Axes
   685 | D:6      | Reached XP level 4. HP: 39/39 MP: 3/3
   685 | D:6      | Reached XP level 5. HP: 45/45 MP: 4/4
   696 | D:6      | Noticed Eustachio
   744 | D:6      | Killed Eustachio
   744 | D:6      | Reached skill level 8 in Axes
   744 | D:6      | Reached XP level 6. HP: 51/51 MP: 5/5
   759 | D:6      | Noticed a sky beast
   795 | D:6      | Killed a sky beast
   802 | D:6      | Gained mutation: Your system is resistant to poisons. [mutagenic meat]
   803 | D:6      | Gained mutation: Your spells are a little harder to cast, but a little more powerful. [mutagenic meat]
   804 | D:6      | Gained mutation: You are clumsy. (Dex -2) [mutagenic meat]
   837 | D:6      | Reached skill level 9 in Axes
   876 | D:6      | Reached XP level 7. HP: 48/57 MP: 6/6
   946 | D:6      | Reached skill level 10 in Axes
   983 | D:6      | Noticed Edmund
  1012 | D:6      | Killed Edmund
  1043 | D:6      | Found a shattered altar of Ashenzari.
  1148 | D:8      | Reached skill level 11 in Axes
  1155 | D:8      | Reached XP level 8. HP: 12/64 MP: 7/7
  1166 | D:8      | Noticed a two-headed ogre
  1170 | D:8      | Mangled by a two-headed ogre

Vault maps used:
D:1:      nicolae_arrival_washed_ashore, roderic_lattice_a
D:2:      nicolae_overflow_crystal_walls, first_bread
D:3:      lemuel_blue_sif_altar, lemuel_angel_altar
D:4:      minmay_overflow_temple_star_quad, minmay_temple_entry_grid,
          serial_shops, nicolae_shop_stone, gup_sewer_entry_bubbles,
          roderic_serpentine_path
D:5:      serial_shops, shop, elyvilon_altar_4
D:6:      lemuel_coloured_pillars_altar, basic_altar, uniq_eustachio,
          uniq_edmund
D:7:      black_bear_nest_2
D:8:      grunt_livestock, hangedman_decor_lopped, uniq_erolcha
Temple:   zaba_magenta_temple_12

Skill      XL: |  1  2  3  4  5  6  7 |
---------------+----------------------+-----
Axes           | 4 5 7 8 9 11 | 11.5
Fighting       | |  3.6
Armour         | |  2.4
Dodging        | |  2.1

Action                   |  1- 3 |  4- 6 |  7- 9 || total
-------------------------+-------+-------+-------++-------
Melee: Hand axe          |    50 |    39 |    40 ||   129
       Headbutt          |     4 |     3 |     8 ||    15
Invok: Berserk           |     1 |     3 |     3 ||     7
       Trog's Hand       |       |     1 |       ||     1
  Use: Potion            |       |     3 |     2 ||     5
  Eat: Chunk             |       |     4 |       ||     4
       Bread ration      |       |     1 |     1 ||     2
       Fruit             |       |       |     1 ||     1
Armor: Ring mail         |     8 |       |       ||     8
       Scale mail        |     6 |    17 |    12 ||    35
Dodge: Dodged            |    28 |    20 |    19 ||    67
